 Dungeon Crawl Stone Soup version 0.23-b1-86-gba62f8e092 (webtiles) character file.

Game seed: 457668717690278122

14675 McKennaii the Carver (level 11, -2/86 HPs)
             Began as a Demonspawn Fighter on Feb 8, 2019.
             Was an Elder of Makhleb.
             Splashed by an acid dragon's acid (16 damage)
             ... on level 11 of the Dungeon.
             The game lasted 00:36:47 (13229 turns).

McKennaii the Carver (Demonspawn Fighter)          Turns: 13229, Time: 00:36:49

Health: -2/86      AC:  9    Str: 21    XL:     11   Next: 91%
Magic:  18/18      EV:  6    Int:  9    God:    Makhleb [****..]
Gold:   778        SH: 11    Dex: 12    Spells: 10/10 levels left

rFire    + + .     SeeInvis .   H - +4 scimitar
rCold    . . .     Gourm    .   c - +0 shield
rNeg     . . .     Faith    .   M - +2 plate armour {rF+}
rPois    +         Spirit   .   (no helmet)
rElec    .         Reflect  .   C - +0 cloak
rCorr    .         Harm     .   (no gloves)
MR       .....                  j - +0 pair of boots
Stlth    ..........             y - amulet of rage
HPRegen  0.24/turn              b - ring of protection from fire
MPRegen  0.16/turn              m - ring of poison resistance

@: corroded
A: claws 2, molten scales 2, powered by death 1
a: Minor Destruction, Lesser Servant of Makhleb, Major Destruction, Renounce
Religion, Evoke Berserk Rage


You were on level 11 of the Dungeon.
You worshipped Makhleb.
Makhleb was greatly pleased with you.
You were not hungry.

You visited 1 branch of the dungeon, and saw 12 of its levels.
You also visited: Ossuary.

You collected 833 gold pieces.
You spent 55 gold pieces at shops.

Inventory:

Hand Weapons
 H - a +4 scimitar (weapon)
Armour
 c - a +0 shield (worn)
 j - a +0 pair of boots (worn)
 C - a +0 cloak (worn)
 M - a +2 plate armour of fire resistance (worn)
Jewellery
 b - a ring of protection from fire (left claw)
 m - a ring of poison resistance (right claw)
 y - an amulet of rage (around neck)
Wands
 B - a wand of iceblast (19)
 G - a wand of polymorph (12)
 K - a wand of clouds (6)
 N - a wand of flame (42)
 O - a wand of acid (6)
Scrolls
 a - a scroll of silence {unknown}
 g - 7 scrolls of identify
 h - 3 scrolls of enchant armour
 i - 2 scrolls of noise
 k - 2 scrolls of magic mapping
 n - 6 scrolls of remove curse
 o - 3 scrolls of amnesia
 p - a scroll of fog {unknown}
 q - 4 scrolls of fear
 r - 3 scrolls of random uselessness {unknown}
 s - 3 scrolls of blinking {unknown}
 D - a scroll of immolation {unknown}
 I - a scroll of brand weapon {unknown}
 J - 5 scrolls of teleportation
 L - a scroll of summoning {unknown}
 P - a scroll of acquirement {unknown}
Potions
 d - a potion of might
 e - a potion of invisibility
 l - 2 potions of magic
 t - 2 potions of heal wounds
 u - 6 potions of ambrosia {unknown}
 v - 5 potions of degeneration {unknown}
 w - a potion of lignification {unknown}
 x - 11 potions of curing {unknown}
 z - 3 potions of agility
 A - a potion of berserk rage {unknown}
 E - a potion of flight {unknown}
 F - 2 potions of mutation {unknown}
Comestibles
 f - 13 rations


   Skills:
 + Level 8.1 Fighting
 + Level 10.5 Long Blades
 + Level 7.6 Armour
 + Level 3.1 Dodging
 + Level 0.4 Stealth
 + Level 7.7 Shields
 * Level 10.1 Invocations


You had 10 spell levels left.
You didn't know any spells.
Your spell library contained the following spells:

 Spells                   Type           Power        Failure   Level  Hunger
 Corona                   Hex            #......      100%        1    ##.....
 Slow                     Hex            #.......     100%        2    ###....
 Inner Flame              Hex/Fire       #.......     100%        3    ####...
 Portal Projectile        Hex/Tloc       #.....       100%        3    ####...
 Cause Fear               Hex            #.........   100%        4    #####..
 Leda's Liquefaction      Hex/Erth       #.........   100%        4    #####..


Dungeon Overview and Level Annotations

Branches:
Dungeon (12/15)            Temple (0/1) D:5            Lair (0/6) D:10
    Orc (0/2) D:9

Altars:
Ashenzari
Fedhas
Makhleb
Nemelex Xobeh
Vehumet
The Shining One

Shops:
D:10 %*

Annotations:
D:5 Eustachio
D:12 Nessos


Innate Abilities, Weirdness & Mutations

You have very sharp fingernails.
You are mostly covered in molten scales. (AC +3)
You regenerate a little health from kills.


Message History

The acid dragon is heavily wounded.
You block the acid dragon's attack. x2
You hit the acid dragon but do no damage.
The acid dragon is heavily wounded.
The acid dragon spits acid at you.
The splash of acid hits you but does no damage.
You are splashed with acid!
* * * LOW HITPOINT WARNING * * *
You completely miss the acid dragon.
The acid dragon is heavily wounded.
You block the acid dragon's attack.
The acid dragon claws you but does no damage.
Unknown command.
Your plate armour prevents you from hitting the acid dragon.
The acid dragon is heavily wounded.
The acid dragon spits acid at you. The splash of acid hits you.
* * * LOW HITPOINT WARNING * * *
The acid corrodes you!
You are splashed with acid!
You die...

......# #......
......#####################......
.................................
.................................
.................................
...####'##########...............
...#........^....'......(........
...#...........).#.....}...#####.
...#..>.#####≈..@##........#...'.
...#...#######≈..D#........#...#.
...#...###...#....#........#...#.
...#...#.'5#.'≈##+#........#...#.
...#...###...#.............#####.
...##### #####≈..................
.......######≈.....).............
##...............................
.#.......................######..


You could see an acid dragon.

Vanquished Creatures
  A two-headed ogre (D:11)
  3 unseen horrors
  Pikel (D:7)
  A cyclops (D:11)
  A hornet (D:11)
  Grinder (D:6)
  Prince Ribbit (D:8)
  2 hippogriffs
  A slime creature (D:11)
  5 yaks
  A wraith (D:11)
  A wyvern (D:9)
  2 hungry ghosts
  A soldier ant (D:11)
  An acid dragon (D:12)
  3 porcupines (D:10)
  A water moccasin (D:11)
  2 ice beasts
  6 orc warriors
  4 phantoms
  2 sky beasts
  2 necrophages
  9 ogres
  3 black bears (D:10)
  3 centaurs
  2 wolves
  2 crocodiles (D:10)
  3 big kobolds
  An elf zombie (D:4)
  3 bullfrogs (D:6)
  2 elf skeletons (D:4)
  2 scorpions
  16 wights
  5 howler monkeys
  3 centaur zombies (D:6)
  4 crimson imps
  2 quasits
  5 hounds
  4 jellies
  15 orc wizards
  11 orc priests
  Crazy Yiuf (D:6)
  3 bullfrog skeletons
  4 centaur skeletons
  6 worker ants
  2 human skeletons (D:4)
  7 iguanas
  A big kobold zombie (Ossuary)
  8 mummies (Ossuary)
  A worker ant zombie (D:7)
  6 gnolls
  12 adders
  2 shadow imps
  5 oozes
  2 adder skeletons
  An adder zombie (D:6)
  A worm (D:2)
  A dart slug (D:1)
  5 leopard geckos
  44 orcs
  2 ball pythons
  12 giant cockroaches
  A gnoll zombie (Ossuary)
  12 goblins
  8 hobgoblins
  15 jackals
  15 kobolds
  7 quokkas
  3 bats
  10 frilled lizards
  A giant cockroach zombie (D:6)
  4 hobgoblin zombies (Ossuary)
  A jackal skeleton (D:4)
  A kobold zombie (Ossuary)
  A leopard gecko skeleton (D:2)
  An orc skeleton (D:4)
  An orc zombie (Ossuary)
  6 rats
351 creatures vanquished.

Vanquished Creatures (collateral kills)
  2 two-headed ogres
  2 kobold demonologists (D:11)
  2 basilisks (D:10)
  Grum (D:8)
  A porcupine (D:10)
  3 wolves
  A big kobold (D:11)
  A scorpion (D:8)
  A wight (D:10)
  A worker ant (D:8)
  2 gnolls (D:8)
  2 adders
  2 oozes (D:11)
  A giant cockroach (D:8)
22 creatures vanquished.

Vanquished Creatures (others)
  A crimson imp (D:7)
  A hound skeleton (D:7)
2 creatures vanquished.

Grand Total: 375 creatures vanquished

Notes
Turn   | Place    | Note
-------+----------+-------------------------------------------
     0 | D:1      | McKennaii the Demonspawn Fighter began the quest for the
                  | Orb.
     0 | D:1      | Reached XP level 1. HP: 18/18 MP: 1/1
    17 | D:1      | Gained mutation: You are partially covered in molten
                  | scales. (AC +2) [demonic ancestry]
    17 | D:1      | Reached XP level 2. HP: 22/24 MP: 2/2
   309 | D:1      | Reached XP level 3. HP: 26/29 MP: 3/3
   762 | D:2      | Reached XP level 4. HP: 30/35 MP: 4/4
  1836 | D:3      | Gained mutation: You regenerate a little health from kills.
                  | [demonic ancestry]
  1836 | D:3      | Reached XP level 5. HP: 41/41 MP: 5/5
  1869 | D:3      | Found a burning altar of Makhleb.
  1870 | D:3      | Found a shattered altar of Ashenzari.
  1871 | D:3      | Found a radiant altar of Vehumet.
  1873 | D:3      | Found a glowing golden altar of the Shining One.
  1887 | D:3      | Became a worshipper of Makhleb the Destroyer
  2440 | D:4      | Found a sand-covered staircase.
  2458 | D:4      | Reached skill level 1 in Invocations
  2458 | D:4      | Reached XP level 6. HP: 26/48 MP: 6/6
  2575 | D:4      | Reached skill level 1 in Dodging
  2623 | Ossuary  | Entered an ossuary
  2698 | Ossuary  | Reached * piety under Makhleb
  2698 | Ossuary  | Gained mutation: You are mostly covered in molten scales.
                  | (AC +3) [demonic ancestry]
  2698 | Ossuary  | Reached XP level 7. HP: 24/55 MP: 8/8
  2953 | D:4      | Got a bloodstained mace
  2954 | D:4      | Identified the +4 mace of Vausaxt {venom, +Blink +Inv Int-3
                  | Dex+8} (You found it on level 4 of the Dungeon)
  3508 | D:4      | Reached skill level 5 in Long Blades
  4022 | D:5      | Entered Level 5 of the Dungeon
  4191 | D:5      | Noticed Eustachio
  4225 | D:4      | Gained mutation: You have sharp fingernails. [demonic
                  | ancestry]
  4225 | D:4      | Reached XP level 8. HP: 61/61 MP: 10/10
  4420 | D:5      | Reached skill level 5 in Fighting
  4583 | D:5      | Found a staircase to the Ecumenical Temple.
  4635 | D:5      | Got an iridescent mace
  4637 | D:5      | Identified the +5 mace of Calamity {crush, +Inv MR+ Int-2}
                  | (You found it on level 5 of the Dungeon)
  4995 | D:6      | Noticed Grinder
  5004 | D:6      | Paralysed by Grinder for 3 turns
  5012 | D:6      | Killed Grinder
  5012 | D:6      | Reached skill level 5 in Invocations
  5022 | D:6      | HP: 1/62 [something/puff of flame (9)]
  5337 | D:6      | Reached ** piety under Makhleb
  5505 | D:6      | Reached XP level 9. HP: 46/68 MP: 13/13
  5569 | D:6      | Reached skill level 5 in Shields
  5811 | D:6      | Reached skill level 5 in Armour
  5856 | D:6      | Found a runed translucent door.
  5857 | D:6      | Noticed Crazy Yiuf
  6342 | D:6      | Reached *** piety under Makhleb
  6647 | D:6      | Found a blossoming altar of Fedhas.
  6648 | D:6      | Found a sparkling altar of Nemelex Xobeh.
  7087 | D:6      | Killed Crazy Yiuf
  8041 | D:7      | Noticed Pikel
  8073 | D:7      | Killed Pikel
  8073 | D:7      | Reached XP level 10. HP: 60/76 MP: 15/15
  8183 | D:7      | You fall through a shaft for 3 floors!
  8183 | D:10     | Entered Level 10 of the Dungeon
  8183 | D:10     | Found Joym's Assorted Antiques.
  8628 | D:10     | Found Usatah's Food Emporium.
  8635 | D:9      | Found a staircase to the Orcish Mines.
  8832 | D:9      | Reached **** piety under Makhleb
  9384 | D:8      | Noticed Grum
  9671 | D:8      | Noticed a two-headed ogre
  9679 | D:8      | Killed a two-headed ogre
  9715 | D:8      | Killed Grum
 10043 | D:8      | Noticed Prince Ribbit
 10335 | D:8      | Killed Prince Ribbit
 10496 | D:7      | Gained mutation: You have very sharp fingernails. [demonic
                  | ancestry]
 10496 | D:7      | Reached XP level 11. HP: 77/84 MP: 17/17
 10496 | D:7      | Paralysed by fainting for 8 turns
 11094 | D:10     | Killed an unseen horror
 11430 | D:10     | Bought a scroll labeled OSIYLLUFOMAS for 29 gold pieces
 11430 | D:10     | Bought a silvery potion for 26 gold pieces
 11465 | D:10     | Noticed a two-headed ogre
 11477 | D:10     | Killed a two-headed ogre
 11804 | D:10     | Found a staircase to the Lair.
 12146 | D:10     | Got a slimy shortbow
 12147 | D:10     | Identified the cursed +2 shortbow of the Coward {velocity,
                  | rF+} (You found it on level 10 of the Dungeon)
 12199 | D:11     | Reached skill level 10 in Long Blades
 12361 | D:11     | Killed an unseen horror
 12928 | D:11     | Killed an unseen horror
 12968 | D:11     | Noticed a two-headed ogre
 12980 | D:11     | Killed a two-headed ogre
 12980 | D:11     | Reached skill level 10 in Invocations
 13109 | D:12     | Noticed a deep elf mage
 13111 | D:12     | Noticed Nessos
 13229 | D:11     | Splashed by an acid dragon's acid

Skill      XL: |  1  2  3  4  5  6  7  8  9 10 11 |
---------------+----------------------------------+-----
Armour         | 3 4 6 7 |  7.6
Long Blades    | 2 3 4 5 6 8 9 10 | 10.5
Shields        | 3 4 5 7 |  7.7
Fighting       | 4 5 6 7 8 |  8.1
Invocations    | 1 2 3 5 7 8 10 | 10.1
Dodging        | 1 2 3 |  3.1
Stealth        | |  0.4

Action                   |  1- 3 |  4- 6 |  7- 9 | 10-12 || total
-------------------------+-------+-------+-------+-------++-------
Melee: Long sword        |   111 |   263 |   772 |    25 ||  1171
       Scimitar          |       |       |       |   663 ||   663
Invok: Minor Destruction |       |       |     9 |    10 ||    19
       Lesser Servant of |       |       |       |    10 ||    10
Evoke: Wand              |       |       |     2 |       ||     2
  Use: Potion            |       |     3 |     4 |     5 ||    12
       Scroll            |       |       |     3 |    10 ||    13
 Stab: Invisible         |       |     1 |       |       ||     1
  Eat: Chunk             |       |     6 |    16 |    15 ||    37
       Ration            |       |       |     1 |     3 ||     4
Armor: Scale mail        |    85 |   116 |   245 |       ||   446
       Plate armour      |       |       |   104 |   376 ||   480
       Chain mail        |       |       |    59 |   142 ||   201
Dodge: Dodged            |    52 |    79 |   202 |   166 ||   499
Block: Shield            |    78 |   131 |   377 |   404 ||   990
       Rpst.: Long sword |    20 |    34 |    72 |       ||   126
       Scimitar          |       |       |       |    32 ||    32
